AoeStats
← AloneArcher

Arena

510655389Analyzed
1v1 RM · 22h ago on Oct 2, 2026· 42m 25s· 2 players
Game mode
Random Map
Map size
Tiny (2 player)
Population
200
Speed
Normal
Resources
Standard
Victory
Conquest
Starting age
Dark Age
Ending age
Imperial Age
RankedLock teamsTeams togetherTeam positionsShared explorationLock speedFull tech treeHidden civsTurbo modeCheats
Victory
Defeat
🇹🇷 Turks · Türkiye
784
+14
🇦🇺 Lithuanians · Australia
748
-31
ge7schwif7y
9:47 Feudal Age
11:08 Double-Bit Axe
11:06 Horse Collar
19:32 Castle Age
17:17 Man-at-Arms
18:14 Scale Barding Armor
18:49 Gold Mining
21:25 Bow Saw
23:12 Husbandry
23:26 Bloodlines
25:23 Long Swordsman
27:40 Elite Skirmisher
29:52 Fortified Wall
32:27 Imperial Age
30:29 Heavy Plow
32:24 Wheelbarrow
34:20 Town Watch
34:46 Thumb Ring
34:06 Cavalier
34:48 Fletching
36:46 Ballistics
36:42 Masonry
40:25 Fortified Wall
AloneArcher
11:54 Feudal Age
12:05 Feudal Age
12:53 Double-Bit Axe
12:51 Horse Collar
14:12 Gold Mining
18:15 Castle Age
19:34 Bow Saw
20:11 Heavy Plow
23:17 Wheelbarrow
28:29 Imperial Age
28:55 Hand Cart
28:27 Loom
31:28 Gold Shaft Mining
30:44 Stone Mining
32:56 Two-Man Saw
34:58 Padded Archer Armor
34:48 Fletching
35:52 Elite Janissary
41:25 Bloodlines
Connection lost

Rejoining the realm…

Still unreachable

The connection could not be restored.

Session expired

The server has moved on; the page needs a fresh start.